 Dungeon Crawl Stone Soup version 0.25-a0-576-g50b708a4c4 (webtiles) character file.

Game seed: 11610230847074228210, levelgen mode: deterministic

6163 Flugslaktarn the Cleaver (level 10, 0/94 HPs)
             Began as a Deep Dwarf Fighter on Mar 1, 2020.
             Was a High Priest of Makhleb.
             Slain by an ogre
             ... wielding a +0 giant club
              (3 damage)
             ... while paralysed by a hornet
             ... on level 9 of the Dungeon.
             The game lasted 00:04:10 (4505 turns).

Flugslaktarn the Cleaver (Deep Dwarf Fighter)       Turns: 4505, Time: 00:04:11

Health: 0/94       AC: 12    Str: 23      XL:     10   Next: 60%
Magic:  11/11      EV:  2    Int: 11      God:    Makhleb [*****.]
Gold:   457        SH:  0    Dex: 11 (12) Spells: 9/9 levels left

rFire    + . .     SeeInvis .   a - +0 war axe (freeze)
rCold    . . .     Gourm    .   f - +1 tower shield
rNeg     . . .     Faith    .   b - +0 scale mail
rPois    .         Spirit   .   h - +1 helmet "Pommee" {Int+2}
rElec    .         Reflect  .   (no cloak)
rCorr    .         Harm     .   (no gloves)
MR       +....     Clarity  +   (no boots)
Stlth    ..........             (no amulet)
HPRegen  0.00/turn              (no ring)
MPRegen  0.12/turn              (no ring)

@: paralysed, lethally poisoned (0 -> -1), non-regenerating, slowed
A: damage resistance, heal wounds, icy blue scales 1, clarity, fire resistance
1, sense surroundings 2, no regeneration
a: Heal Wounds, Minor Destruction, Lesser Servant of Makhleb, Major Destruction,
Greater Servant of Makhleb, Renounce Religion


You were on level 9 of the Dungeon.
You worshipped Makhleb.
Makhleb was extremely pleased with you.
You were not hungry.

You visited 2 branches of the dungeon, and saw 10 of its levels.
You also visited: Ossuary.

You collected 457 gold pieces.

Inventory:

Hand Weapons
 a - a +0 war axe of freezing (weapon)
Missiles
 y - a throwing net (quivered)
Armour
 b - a +0 scale mail (worn)
 c - a +0 kite shield
 f - a +1 tower shield (worn)
   (You found it on level 4 of the Dungeon)
 h - the +1 helmet "Pommee" (worn) {Int+2}
   (You found it on level 6 of the Dungeon)

   It affects your intelligence (+2).
   If you remove this armour, your AC will decrease by 2 (12 -> 10).
Jewellery
 i - an uncursed ring of resist corrosion {unknown}
   (You found it on level 7 of the Dungeon)
 l - an uncursed ring of protection from magic {unknown}
   (You found it on level 8 of the Dungeon)
 o - an uncursed ring of fire
   (You found it on level 5 of the Dungeon)
 p - an uncursed amulet of harm
   (You found it on level 4 of the Dungeon)
 q - an uncursed ring of fire
   (You found it on level 8 of the Dungeon)
Wands
 n - a wand of acid (19)
   (You found it on level 4 of the Dungeon)
 u - a wand of iceblast (10)
   (You found it on level 5 of the Dungeon)
Scrolls
 m - a scroll of enchant armour
 r - a scroll of identify
 s - a scroll of enchant weapon
 t - 3 scrolls of teleportation
 w - a scroll of remove curse
 z - 2 scrolls of blinking
Potions
 d - 2 potions of might
 j - 2 potions of berserk rage {unknown}
 k - 3 potions of flight
 v - a potion of heal wounds {unknown}
 A - 2 potions of stabbing
Comestibles
 e - 17 rations


   Skills:
 + Level 7.2 Fighting
 * Level 11.2 Axes
 + Level 8.5 Armour
 - Level 4.6 Shields
 + Level 8.4 Invocations


You had 9 spell levels left.
You didn't know any spells.
Your spell library was empty.

Dungeon Overview and Level Annotations

Branches:
Dungeon (9/15)             Temple (1/1) D:5         Ossuary (visited)
   Lair: D:8-11         Orc: D:9-12

Altars:
Cheibriados
Dithmenos
Elyvilon
Fedhas
Hepliaklqana
Kikubaaqudgha
Makhleb
Nemelex Xobeh
Okawaru
Qazlal
Ru
Sif Muna
Uskayaw
Vehumet
Xom
Yredelemnul
Zin
The Shining One
Beogh

Shops:
D:5 *


Innate Abilities, Weirdness & Mutations

You are resistant to damage.
You can heal yourself by infusing magical energy.
You passively map the area around you.
You do not regenerate.
You are partially covered in icy blue scales. (AC +2)
You possess an exceptional clarity of mind.
Your flesh is heat resistant. (rF+)


Message History

The ice beast hits you but does no damage.
You block the orc's attack. The hornet stings you.
* * * LOW HITPOINT WARNING * * *
You suddenly lose the ability to move!
The orc barely misses you.
The ice beast hits you but does no damage.
The ogre hits you with a +0 giant club!
* * * LOW HITPOINT WARNING * * *
The hornet stings you.
You are more poisoned.
You feel as though you will be slow longer.
The orc hits you but does no damage.
The orc hits you from afar with a +0 trident.
* * * LOW HITPOINT WARNING * * *
The hornet stings you but does no damage.
The ice beast hits you but does no damage.
You feel sick. The hornet stings you!
* * * LOW HITPOINT WARNING * * *
You feel as though you will be slow longer.
The ogre hits you with a +0 giant club.
You die...

#.....<..# , ,, ,
#........# ,
#........###, ,,, *
#........#.,, ,
#........., ,, , , ,
#........#* * *
#........# , *
#.....)<.###.#.# , *
, ,,......Y@).......
, ,
,......Oy)##....F,,,
,,,,...##..oo# ...#*
, .. *#..... .# ,,
.,,........ ,, * ,
.......[).. , ,,
........###. , ,
......... .. ,, ,, ,
,......=.. ,,..


You could see a hornet, an ice beast, an ogre and 2 orcs.

Vanquished Creatures
  Pikel (D:6)
  The ghost of Yorgos the Chopper, a novice GnCK of Xom (D:6)
  A wyvern (D:8)
  3 wargs
  Edmund (D:5)
  2 soldier ants (D:8)
  A hornet zombie (D:8)
  2 orc warriors (D:6)
  3 ice beasts
  4 slaves (D:6)
  7 sky beasts
  A necrophage (D:7)
  2 ogres
  2 phantoms (D:6)
  5 centaurs
  2 big kobolds (D:8)
  2 elf zombies (Ossuary)
  A wyvern zombie (D:6)
  4 bullfrogs
  A scorpion (D:8)
  8 wights (D:7)
  2 howler monkeys
  4 crimson imps
  A quasit (D:9)
  A bullfrog zombie (D:7)
  A centaur zombie (D:8)
  A jelly (D:7)
  6 orc priests
  5 hounds
  A human zombie (Ossuary)
  2 iguanas (D:6)
  7 orc wizards
  8 worker ants
  A killer bee zombie (D:8)
  5 big kobold zombies (Ossuary)
  A hound skeleton (D:4)
  2 hound zombies
  3 mummies (Ossuary)
  A howler monkey skeleton (D:4)
  7 adders
  4 gnolls (D:6)
  3 adder zombies (Ossuary)
  3 adder skeletons (D:4)
  3 worms
  3 dart slugs
  4 leopard geckos
  32 orcs
  3 giant cockroaches
  2 goblins
  3 hobgoblins
  2 jackals (D:6)
  2 quokkas
  A ball python (D:2)
  3 bats
  A frilled lizard (D:4)
  4 goblin zombies (Ossuary)
  4 hobgoblin zombies (Ossuary)
  A jackal skeleton (D:4)
  4 jackal zombies (Ossuary)
  13 kobolds (D:8)
  2 kobold zombies (Ossuary)
  An orc zombie (Ossuary)
  A quokka skeleton (D:7)
  6 quokka zombies (Ossuary)
  2 rats
  3 rat zombies (Ossuary)
223 creatures vanquished.

Vanquished Creatures (others)
  2 orcs (D:6)
2 creatures vanquished.

Grand Total: 225 creatures vanquished

Notes
Turn   | Place    | Note
-------+----------+-------------------------------------------
     0 | D:1      | Flugslaktarn the Deep Dwarf Fighter began the quest for the
                  | Orb.
     0 | D:1      | Reached XP level 1. HP: 20/20 MP: 1/1
   173 | D:2      | Found a faded altar of an unknown god.
   208 | D:2      | Reached XP level 2. HP: 27/27 MP: 2/2
   325 | D:4      | Reached skill level 3 in Axes
   337 | D:4      | Reached XP level 3. HP: 30/33 MP: 3/3
   373 | D:4      | Reached XP level 4. HP: 42/42 MP: 3/3
   926 | D:4      | Reached skill level 4 in Axes
   926 | D:4      | Reached XP level 5. HP: 41/49 MP: 4/4
  1041 | D:5      | Entered Level 5 of the Dungeon
  1071 | D:5      | Noticed Edmund
  1099 | D:5      | Killed Edmund
  1099 | D:5      | Reached XP level 6. HP: 29/57 MP: 5/5
  1196 | D:5      | Noticed a sky beast
  1208 | D:5      | Killed a sky beast
  1208 | D:5      | Reached skill level 5 in Axes
  1217 | D:5      | Found a staircase to the Ecumenical Temple.
  1231 | Temple   | Entered the Ecumenical Temple
  1384 | Temple   | Became a worshipper of Makhleb the Destroyer
  1552 | D:5      | Found Jietz's General Store.
  1613 | D:5      | Noticed a sky beast
  1639 | D:5      | Killed a sky beast
  1639 | D:5      | Reached skill level 1 in Invocations
  1712 | D:5      | Reached XP level 7. HP: 28/64 MP: 5/5
  1725 | D:5      | Reached skill level 5 in Armour
  1892 | D:6      | Reached skill level 6 in Axes
  1997 | D:6      | Found a runed translucent gate.
  1997 | D:6      | Noticed Yorgos's ghost (novice GnCK)
  2002 | D:6      | Found a runed translucent gate.
  2017 | D:6      | Found a runed translucent gate.
  2049 | D:6      | Identified the +3 dire flail "Ecwenkoj" {pain, *Drain *Slow
                  | +Inv rPois SInv}
  2053 | D:6      | Found a roughly hewn altar of Beogh.
  2064 | D:6      | Reached XP level 8. HP: 40/73 MP: 8/8
  2103 | D:6      | Reached skill level 7 in Axes
  2148 | D:6      | Reached * piety under Makhleb
  2206 | D:6      | Found a sand-covered staircase.
  2268 | D:6      | Reached skill level 5 in Fighting
  2300 | Ossuary  | Entered an ossuary
  2439 | Ossuary  | Reached skill level 8 in Axes
  2468 | Ossuary  | Reached ** piety under Makhleb
  2541 | Ossuary  | Reached skill level 5 in Invocations
  2668 | D:6      | Gained mutation: You are weak. (Str -2) [potion of
                  | mutation]
  2668 | D:6      | Gained mutation: You possess an exceptional clarity of
                  | mind. [potion of mutation]
  2669 | D:6      | Lost mutation: You are weak. (Str -2) [potion of mutation]
  2669 | D:6      | Gained mutation: You are partially covered in icy blue
                  | scales. (AC +2) [potion of mutation]
  2669 | D:6      | Gained mutation: Your flesh is heat resistant. (rF+)
                  | [potion of mutation]
  2800 | D:6      | Noticed Pikel
  2834 | D:6      | Killed Pikel
  2834 | D:6      | Gained mutation: You passively map the area around you.
                  | [Deep Dwarf growth]
  2834 | D:6      | Reached XP level 9. HP: 39/82 MP: 7/9
  2863 | D:6      | Reached skill level 9 in Axes
  2877 | D:6      | Found a sacrificial altar of Ru.
  3079 | D:7      | Found an iron altar of Okawaru.
  3143 | D:6      | Killed Yorgos's ghost
  3171 | D:6      | Got a distressingly furry helmet
  3218 | D:7      | Identified the +1 helmet "Pommee" {Int+2} (You found it on
                  | level 6 of the Dungeon)
  3258 | D:7      | Reached *** piety under Makhleb
  3374 | D:7      | Reached skill level 10 in Axes
  3731 | D:8      | Reached XP level 10. HP: 76/92 MP: 11/11
  3812 | D:8      | Reached **** piety under Makhleb
  4016 | D:8      | Found a radiant altar of Vehumet.
  4472 | D:9      | Reached skill level 11 in Axes
  4497 | D:9      | Reached ***** piety under Makhleb
  4503 | D:9      | Paralysed by a hornet for 3 turns
  4505 | D:9      | HP: 3/94 [hornet (9)]
  4505 | D:9      | Slain by an ogre

Levels and vault maps discovered:
D:1:      minmay_arrival_widening_spiral_wide, layout_loops_cross
D:2:      layout_basic, first_ration, chequers_ecumenical_altar_twisty
D:3:      layout_loops_cross, grunt_gozag_breadcrumbs,
          nicolae_overflow_hidden_temple, overflow_temple_1_default,
          uniq_jessica
D:4:      layout_basic, grunt_ministairs_3
D:5:      layout_loops_ring, minmay_temple_entry_butterflies, serial_shops,
          shop, uniq_edmund
D:6:      layout_gridville, nicolae_ru_great_annihilating_truth,
          nicolae_ossuary_entry_monument, biasface_ghost_orc_armoury, uniq_pikel
D:7:      layout_rooms, okawaru_ov_weapons_minmay
D:8:      layout_loops_ring, vehumet_altar_wand_db, hangedman_pestilent_swarm
D:9:      layout_roguey, erik_orc_4
Temple:   regret_index_temple_sphere_string

Skill      XL: |  1  2  3  4  5  6  7  8  9 10 |
---------------+-------------------------------+-----
Axes           | 3 4 5 6 8 10 11 | 11.2
Fighting       | 3 4 5 6 7 |  7.2
Armour         | 4 5 6 7 8 |  8.5
Shields        | 4 |  4.6
Invocations    | 1 3 5 7 8 |  8.4

Action                   |  1- 3 |  4- 6 |  7- 9 | 10-12 || total
-------------------------+-------+-------+-------+-------++-------
Melee: War axe           |    60 |   141 |   424 |   189 ||   814
 Abil: Heal Wounds       |     2 |     3 |    13 |     2 ||    20
  Use: Potion            |       |       |     4 |       ||     4
       Scroll            |       |       |    16 |       ||    16
 Stab: Invisible         |       |       |     7 |       ||     7
       Paralysed         |       |       |     1 |       ||     1
  Eat: Chunk             |       |     1 |     6 |     3 ||    10
       Ration            |       |     1 |       |       ||     1
Armor: Scale mail        |    35 |    51 |   163 |   150 ||   399
       Skin              |       |       |    34 |       ||    34
Dodge: Dodged            |    18 |    31 |    85 |    37 ||   171
Block: Kite shield       |    35 |    42 |       |       ||    77
       Tower shield      |       |    52 |   392 |   224 ||   668

Table legend:
 A = Non-vault XP
 B = Vault XP
 C = Vault XP percentage of total XP
 D = Non-vault monster count
 E = Vault monster count
 F = Vault count percentage of total count
                 A         B        C        D         E       F
            +---------+---------+-------+---------+---------+-------
      Total |    5549 |    3256 |  37.0 |     138 |      82 |  37.3
            +---------+---------+-------+---------+---------+-------
        D:1 |       6 |       0 |   0.0 |       3 |       0 |   0.0
        D:2 |      24 |       0 |   0.0 |       6 |       0 |   0.0
        D:3 |       1 |       0 |   0.0 |       1 |       0 |   0.0
        D:4 |     227 |      14 |   5.8 |      17 |       5 |  22.7
        D:5 |     437 |     164 |  27.3 |       6 |       1 |  14.3
        D:6 |    1449 |    1745 |  54.6 |      34 |      18 |  34.6
        D:7 |     835 |       0 |   0.0 |      21 |       0 |   0.0
        D:8 |    2132 |     334 |  13.5 |      42 |       5 |  10.6
        D:9 |     438 |     532 |  54.8 |       8 |      14 |  63.6
    Ossuary |       0 |     467 | 100.0 |       0 |      39 | 100.0
            +---------+---------+-------+---------+---------+-------
